 Dungeon Crawl Stone Soup version 0.16.1-11-g651b585 (webtiles) character file.

2035 Sachiko the Ruffian (level 9, 0/88 HPs)
             Began as a Troll Monk on Mar 30, 2015.
             Succumbed to poison (a potion of poison)
             ... on level 8 of the Dungeon.
             The game lasted 00:18:04 (5898 turns).

Sachiko the Ruffian (Troll Monk)                    Turns: 5898, Time: 00:18:05

Health: 0/88       AC:  6    Str: 22      XL:     9   Next: 4%
Magic:  4/4        EV: 11    Int:  6      God:
Gold:   415        SH:  0    Dex:  6 (10) Spells: 0 memorised, 8 levels left

rFire  . . .     SeeInvis .       - Unarmed
rCold  . . .     Clarity  .     a - +1 robe
rNeg   . . .     SustAb   .     (shield restricted)
rPois  .         Gourm    +     (helmet restricted)
rElec  .         Spirit   .     (no cloak)
rCorr  .         Warding  .     (gloves unavailable)
rMut   .         Stasis   .     (boots unavailable)
MR     .....                    (no amulet)
Stlth  +.........               (no ring)
                                (no ring)

@: lethally poisoned (0 -> -15), about to teleport, drained, not resistant to
hostile enchantments, very unstealthy
A: unfitting armour, claws 3, clumsy 1, fast metabolism 3, gourmand,
regeneration 2, shaggy fur 1, tough skin 2, weak 1
a: no special abilities


You were on level 8 of the Dungeon.
You were full.

You visited 1 branch of the dungeon, and saw 8 of its levels.

You collected 415 gold pieces.

Inventory:

Armour
 a - a +1 robe (worn)
Jewellery
 g - a cursed ring of loudness
 m - a +2 ring of strength {unknown}
 x - a +2 ring of slaying {unknown}
Scrolls
 d - a scroll of immolation
 e - a scroll of fog
 h - 2 scrolls of enchant armour
 i - 7 scrolls of identify
 j - a scroll of amnesia
 k - a scroll of teleportation
 o - 2 scrolls of remove curse
 t - a scroll of enchant weapon
 w - 3 scrolls of blinking
Potions
 c - 2 potions of brilliance
 f - 3 potions of flight
 l - 4 potions of haste
 q - a potion of magic
 u - a potion of poison
 A - a potion of restore abilities {unknown}
 C - a potion of cancellation {unknown}
Books
 n - a book of Flames

   Spells                             Type                      Level
   a - Flame Tongue                   Conjuration/Fire             1
   b - Throw Flame                    Conjuration/Fire             2
   c - Conjure Flame                  Conjuration/Fire             3
   d - Inner Flame                    Hexes/Fire                   3
   e - Sticky Flame                   Conjuration/Fire             4
   f - Fireball                       Conjuration/Fire             5
 v - a book of Geomancy

   Spells                             Type                      Level
   a - Sandblast                      Earth                        1
   b - Stoneskin                      Transmutation/Earth          2
   c - Passwall                       Transmutation/Earth          3
   d - Stone Arrow                    Conjuration/Earth            3
   e - Petrify                        Transmutation/Earth          4
   f - Lee's Rapid Deconstruction     Earth                        5
Comestibles
 b - 3 meat rations
 p - 4 bread rations
 s - a beef jerky
 z - a royal jelly


   Skills:
 + Level 5.5(4.9) Fighting
 + Level 7.0(6.3) Dodging
 - Level 1.1(0.5) Stealth
 + Level 7.7(7.0) Unarmed Combat


You had 8 spell levels left.
You didn't know any spells.

Dungeon Overview and Level Annotations

Branches:
Dungeon (8/15)             Temple (0/1) D:6
   Lair: D:8-11

Altars:
Elyvilon
Fedhas
Sif Muna
Vehumet
Xom
Yredelemnul
The Shining One


Innate Abilities, Weirdness & Mutations

You are too large for most types of armour.
You have claws for hands.
Your metabolism is lightning-fast.
You like to eat raw meat.
You heal very quickly.
You are covered in fur (AC +1).
You have very tough skin (AC +2).
You are clumsy. (Dex -2)
You are weak. (Str -2)


Message History

Drink which item? (? for menu, Esc to quit)
You feel better. The killer bee stings you.
You are poisoned.
The killer bee poisons you! The killer bee stings you!
* * * LOW HITPOINT WARNING * * *
The killer bee barely misses you. The killer bee stings you.
* * * LOW HITPOINT WARNING * * *
The killer bee stings you.
* * * LOW HITPOINT WARNING * * *
You are more poisoned.
The killer bee poisons you! The killer bee misses you.
The killer bee stings you but does no damage.
The killer bee stings you.
* * * LOW HITPOINT WARNING * * *
The killer bee closely misses you. The killer bee stings you.
* * * LOW HITPOINT WARNING * * *
Drink which item? (? for menu, Esc to quit)
It was a potion of poison.
That liquid tasted very nasty...
You are more poisoned.
You die... ##### #...# ##### #..y## #...# #byyy##

### #...#
##Jy@y.###.#
#...####.####....##
. #....##.## ##..##
#.# ##<......#
##..## #.#
#####...##.###
#....## #.#
.......#####
#.##..##.# ......##
#.# ##...# ......#
..# ##..# ......#
..# #...##


You could see a jelly, 6 killer bees and a bat.

Vanquished Creatures
  2 sky beasts (D:5)
  An ice beast (D:5)
  2 phantoms
  An ogre (D:6)
  3 giant frogs
  3 centaurs
  Blork the orc (D:7)
  4 scorpions
  A quasit (D:5)
  4 crimson imps
  A goliath beetle (D:7)
  An iguana (D:6)
  2 orc priests
  3 orc wizards
  4 hounds
  4 worker ants
  A shadow imp (D:3)
  6 adders
  A giant mite (D:3)
  3 worms
  2 giant geckos
  11 orcs
  2 bat skeletons
  4 giant cockroaches
  11 goblins
  15 hobgoblins
  13 jackals
  4 kobolds
  2 quokkas
  10 bats
  4 giant newts
  A giant spore (D:7)
  8 rats
  6 ballistomycetes (D:7)
141 creatures vanquished.

Notes
Turn   | Place    | Note
--------------------------------------------------------------
     0 | D:1      | Sachiko, the Troll Monk, began the quest for the Orb.
     0 | D:1      | Reached XP level 1. HP: 22/22 MP: 1/1
   346 | D:1      | Reached XP level 2. HP: 29/29 MP: 1/1
   896 | D:2      | Found a white marble altar of Elyvilon.
  1420 | D:2      | Found a shimmering altar of Xom.
  1420 | D:2      | Found a radiant altar of Vehumet.
  1589 | D:2      | Reached XP level 3. HP: 32/36 MP: 2/2
  1630 | D:2      | Reached XP level 4. HP: 41/45 MP: 2/2
  1913 | D:3      | Reached skill level 5 in Unarmed Combat
  2022 | D:3      | Reached XP level 5. HP: 47/53 MP: 2/2
  2405 | D:4      | Reached XP level 6. HP: 57/61 MP: 3/3
  2514 | D:4      | Noticed a phantom
  2529 | D:4      | Killed a phantom
  2714 | D:4      | Reached XP level 7. HP: 52/68 MP: 3/3
  2930 | D:4      | Reached skill level 6 in Unarmed Combat
  3569 | D:5      | Entered Level 5 of the Dungeon
  3703 | D:5      | Reached skill level 5 in Dodging
  3717 | D:5      | Gained mutation: You are weak. (Str -2) [mutagenic meat]
  3718 | D:5      | Gained mutation: You are very weak. (Str -4) [mutagenic meat]
  3719 | D:5      | Lost mutation: You are very weak. (Str -4) [mutagenic meat]
  3743 | D:5      | Gained mutation: You are clumsy. (Dex -2) [mutagenic meat]
  3798 | D:5      | Found a deep blue altar of Sif Muna.
  4023 | D:5      | Found a blossoming altar of Fedhas.
  4153 | D:5      | Reached XP level 8. HP: 70/79 MP: 3/3
  4331 | D:6      | Found a basalt altar of Yredelemnul.
  4438 | D:6      | Found a staircase to the Ecumenical Temple.
  4636 | D:6      | Reached skill level 5 in Fighting
  4636 | D:6      | Reached skill level 7 in Unarmed Combat
  4846 | D:7      | Noticed Blork the orc
  4864 | D:7      | Killed Blork the orc
  5191 | D:7      | Found a glowing golden altar of the Shining One.
  5842 | D:8      | Reached XP level 9. HP: 69/88 MP: 4/4
  5897 | D:8      | HP: 3/88 [killer bee[the player character] (4)]
  5898 | D:8      | Succumbed to poison (a potion of poison)

Action                   |  1- 3 |  4- 6 |  7- 9 || total
-------------------------+-------+-------+-------++-------
Melee: Unarmed           |    87 |   108 |   308 ||   503
  Use: Scroll            |       |     9 |     4 ||    13
       Potion            |       |       |    13 ||    13
 Stab: Sleeping          |     1 |       |       ||     1
  Eat: Chunk             |     9 |    14 |    28 ||    51
       Bread ration      |     1 |       |       ||     1
       Meat ration       |       |       |     1 ||     1
